AoeStats
← zisuku

Scandinavia

512926767Analyzed
1v1 RM · 3d ago on Oct 11, 2026· 44m 14s· 2 players
Game mode
Random Map
Map size
Tiny (2 player)
Population
200
Speed
Normal
Resources
Standard
Victory
Conquest
Starting age
Dark Age
Ending age
Imperial Age
RankedLock teamsTeams togetherTeam positionsShared explorationLock speedFull tech treeHidden civsTurbo modeCheats
Victory
Defeat
🇿🇦 Franks · South Africa
1191
+17
vs
🇷🇴 Burmese · Romania
1208
-17
Jellyfish
6:41 Loom
9:43 Feudal Age
10:26 Double-Bit Axe
13:08 Forging
19:37 Castle Age
18:29 Gold Mining
18:57 Scale Barding Armor
20:32 Husbandry
20:54 Chain Barding Armor
21:28 Wheelbarrow
21:14 Bow Saw
27:35 Stone Mining
29:11 Fletching
29:58 Iron Casting
30:03 Bodkin Arrow
30:07 Town Watch
35:07 Imperial Age
33:44 Gold Shaft Mining
35:24 Light Cavalry
35:42 Cavalier
37:46 Conscription
37:53 Hand Cart
38:55 Plate Barding Armor
39:21 Blast Furnace
41:23 Hoardings
40:54 Town Patrol
41:15 Scale Mail Armor
42:23 Paladin
zisuku
9:51 Loom
11:37 Feudal Age
15:52 Castle Age
14:33 Horse Collar
17:48 Fletching
19:22 Stone Mining
20:38 Wheelbarrow
23:25 Town Watch
23:51 Pikeman
26:06 Hand Cart
28:10 Fletching
29:11 Scale Mail Armor
35:45 Sanctity
38:41 Imperial Age
36:25 Husbandry
36:48 Squires
37:51 Chain Mail Armor
37:42 Scale Barding Armor
37:42 Padded Archer Armor
37:53 Town Patrol
39:20 Halberdier
44:14 Bodkin Arrow
Connection lost

Rejoining the realm…

Still unreachable

The connection could not be restored.

Session expired

The server has moved on; the page needs a fresh start.